 Dungeon Crawl Stone Soup version 0.30.0-29-ga12c61a403 (webtiles) character file.

Game seed: 729417838849979943

32 monsoonserge the Trooper (level 3, 29/29 HPs)
             Began as a Demonspawn Monk on June 14, 2023.
             Quit the game on level 2 of the Dungeon.
             The game lasted 00:03:25 (718 turns).

monsoonserge the Trooper (Demonspawn Monk)           Turns: 718, Time: 00:03:26

Health: 29/29      AC:  8    Str: 11    XL:     3   Next: 8%
Magic:  3/3        EV:  6    Int: 13    God:
Gold:   73         SH:  0    Dex: 15    Spells: 2/2 levels left

rFire   . . .        o - +0 long sword
rCold   . . .        (no shield)
rNeg    . . .        p - +0 chain mail
rPois   .            (no helmet)
rElec   .            (no cloak)
rCorr   .            (no gloves)
SInv    .            (no boots)
Will    .....        (no amulet) Stlth
                     (no ring)
HPRegen 0.24/turn    (no ring)
MPRegen 0.08/turn

%: no passive effects
@: no status effects
A: ignite blood 1, demonic touch 1
a: no special abilities


You were on level 2 of the Dungeon.
You visited 1 branch of the dungeon, and saw 2 of its levels.

You collected 73 gold pieces.

Inventory:

Hand Weapons
 o - a +0 long sword (weapon)
Missiles
 m - 18 stones (quivered)
Armour
 p - a +0 chain mail (worn)
Scrolls
 d - a scroll of enchant armour {unknown}
 f - 5 scrolls of identify {unknown}
 g - a scroll of immolation {unknown}
 h - 3 scrolls of teleportation {unknown}
 i - a scroll of butterflies {unknown}
 l - a scroll of blinking {unknown}
 n - a scroll of enchant weapon {unknown}
Potions
 a - a potion of heal wounds {unknown}
 c - a potion of ambrosia
 e - a potion of might {unknown}
 j - a potion of brilliance {unknown}
 k - 2 potions of degeneration {unknown}


   Skills:
 + Level 3.4 Fighting
 - Level 3.0 Long Blades
 + Level 3.1 Dodging
 * Level 0.5 Unarmed Combat


You had 2 spell levels left.
You didn't know any spells.
Your spell library contained the following spells:

 Spells                   Type           Power      Damage    Failure   Level
 Slow                     Hex            0%         N/A       100%        1
 Confusing Touch          Hex            0%         N/A       100%        3
 Vampiric Draining        Necr           0%         2d6       100%        3


Dungeon Overview and Level Annotations

Branches:
Dungeon (2/15)

Altars:


Innate Abilities, Weirdness & Mutations

Your demonic aura sometimes causes spilled blood to erupt in flames.
Your touch may inflict minor irresistible damage on your foes.


Message History

You continue putting on your +0 chain mail. x5
You finish putting on your +0 chain mail.
Unknown command.
You drop a +0 robe.
Your movement speed is average.
Your attack delay is about 1.2.
Your damage rating with your +0 long sword is about 12 (Base 10 x 112% (Dex) x 112% (Skill)).
Found a stone staircase leading up.
There is a stone staircase leading up here.
f - 5 scrolls labelled MEWKAK IWYFRA (gained 3)
You pick up a book of Debilitation and begin reading...
You add the spells Slow, Vampiric Draining and Confusing Touch to your library.
You don't know any spells.
Okay, then.
Found a sling.
A worm comes into view.
A dart slug comes into view.
You slash the worm!
You touch the worm!
The worm is severely wounded.
You hit the worm.
You touch the worm.
You kill the worm!
You have reached level 3!
Your experience leads to an increase in your attributes!
Increase (S)trength, (I)ntelligence, or (D)exterity?
You feel clever. x2; Your demonic ancestry asserts itself...
Your blood heats up.
You see here a worm corpse.
You hit the dart slug.
The dart slug is lightly wounded.
The dart slug launches a dart at you. The slug dart misses you.
You hit the dart slug.
The dart slug is severely wounded.
The dart slug bites you but does no damage.
You hit the dart slug but do no damage.
The dart slug is heavily wounded.
The dart slug briefly extends its eye-stalks.
The dart slug barely misses you.
You slash the dart slug!
You kill the dart slug!
Are you sure you want to abandon this character and quit the game? (Confirm with "yes".)

#...........# #.
#.########..# #. #..#
#..# #. #..# #####... #.
#..# #......# # #. #..#
#.####.# ##.#.
###..###.# #..
.##....###..).....####.#
.......@†..............#
###....###.#..########.#
##... ...............#
#####################


There were no monsters in sight!

Vanquished Creatures
  A worm (D:2)
  A dart slug (D:2)
  2 ball pythons (D:1)
  3 bats (D:1)
  2 endoplasms (D:1)
  4 goblins
  3 hobgoblins (D:1)
  2 jackals (D:1)
  2 quokkas (D:1)
  A frilled lizard (D:1)
  A kobold (D:1)
  A rat (D:1)
23 creatures vanquished.

Notes
Turn   | Place    | Note
-------+----------+-------------------------------------------
     0 | D:1      | monsoonserge the Demonspawn Monk began the quest for the
                  | Orb.
     0 | D:1      | Reached XP level 1. HP: 18/18 MP: 1/1
   142 | D:1      | Discovered your monstrous ancestry.
   142 | D:1      | Gained mutation: Your touch may inflict minor irresistible
                  | damage on your foes. [demonic ancestry]
   142 | D:1      | Reached XP level 2. HP: 24/24 MP: 2/2
   712 | D:2      | Gained mutation: Your demonic aura sometimes causes spilled
                  | blood to erupt in flames. [demonic ancestry]
   712 | D:2      | Reached XP level 3. HP: 29/29 MP: 3/3
   718 | D:2      | Quit the game

Illustrated notes

Levels and vault maps discovered:
D:1:      minmay_arrival_diagonal_passages, layout_rooms, hex_medium
D:2:      layout_loops_ring, ebering_ecumenical_altar_box, serial_shops, shop,
          minmay_tree_intersection, minmay_tetromino_s2

Skill      XL: |  1  2 |
---------------+-------+-----
Long Blades    | 3 |  3.0
Dodging        | 3 |  3.1
Fighting       | |  3.4
Unarmed Combat | |  0.5

Action                     || total
---------------------------++-------
  Melee: Falchion          ||    21
         Long sword        ||    19
         Touch             ||     7
 Armour: Robe              ||     4
         Chain mail        ||     1
  Dodge: Dodged            ||    30
